Map: Para Site LE

Players

Namshar

  • Race: Zerg Zerg
  • League: Master
  • Spawn Location: 11:00

Harstem - Winner!

  • Race: Protoss Protoss
  • League: Master
  • Spawn Location: 5:00

Event: HomeStory Cup XVIII

VOD

Have the link to the VOD?

Description

Time

  • Played on: Nov. 22, 2018, 10:37 a.m.
  • Length: 6:13

All games in this series

Show
View Real Time Build Order
Export as new Build Order

Namshar Zerg 

Build Orders: Hatch First 

Get SALT Encoding   

  12  0:00  Drone  
  13  0:12  Overlord  
  13  0:17  Drone  
  14  0:30  Drone x2  
  14  0:34  Drone  
  17  0:51  Hatchery  
  17  0:53  Drone  
  18  0:57  Drone  
  18  1:07  Extractor  
  17  1:12  Spawning Pool  
  17  1:14  Drone  
  17  1:17  Drone  
  18  1:28  Drone  
  19  1:38  Drone  
  20  1:48  Overlord  
  20  1:59  Queen  
  22  2:02  Queen  
  22  2:03  Drone, Zergling x2  
  22  2:08  Metabolic Boost  
  26  2:11  Drone  
  26  2:15  Zergling x2  
  28  2:21  Drone  
  29  2:24  Drone  
  30  2:31  Hatchery  
  30  2:35  Drone  
  30  2:41  Queen  
  32  2:45  Overlord  
  32  2:48  Drone  
  32  2:51  Drone  
  34  2:56  Drone  
  34  2:58  Overlord  
  35  3:05  Drone  
  35  3:10  Drone  
  35  3:11  Drone x2  
  35  3:12  Drone x2  
  40  3:15  Drone  
  40  3:19  Queen  
  41  3:22  Drone  
  41  3:24  Drone  
  45  3:29  Lair  
  45  3:33  Drone  
  46  3:35  Overlord  
  46  3:38  Overlord  
  46  3:47  Extractor  
  46  3:48  Extractor, Drone x2  
  44  3:49  Drone  
  44  3:50  Drone x2  
  44  3:53  Drone  
  50  4:03  Overlord  
  50  4:04  Drone, Spore Crawler  
  50  4:05  Drone, Spore Crawler  
  50  4:07  Drone x3  
  53  4:15  Drone x3  
  53  4:16  Drone  
  57  4:22  Drone x4  
  57  4:23  Drone  
  62  4:28  Zergling x4, Hydralisk Den  
  63  4:40  Zergling x6  
  63  4:41  Zergling x4  
  63  4:42  Overlord x2  
  67  4:53  Drone  
  67  4:54  Extractor  
  67  4:55  Overlord  
  67  4:56  Drone  
  67  4:58  Overlord, Hydralisk  
  67  4:59  Hydralisk  
  72  5:01  Hydralisk x2  
  72  5:02  Hydralisk  
  78  5:11  Zergling x2  
  78  5:12  Baneling Nest, Zergling x8  
  81  5:16  Drone, Hydralisk  
  81  5:17  Zergling x2  
  81  5:18  Zergling x2  
  86  5:23  Hydralisk, Zergling x4  
  86  5:28  Hydralisk, Zergling x4  
  89  5:33  Hydralisk  
  89  5:34  Zergling x4  
  88  5:38  Hydralisk  
  88  5:39  Zergling x2  
  88  5:42  Hydralisk  
Show
View Real Time Build Order
Export as new Build Order

Harstem Protoss - Winner!

Build Orders: 1 Gate Expand, Phoenix Opening, Mass Adepts 

Get SALT Encoding   

  12  0:00  Probe  
  13  0:13  Probe  
  14  0:18  Pylon  
  14  0:25  Probe  
  15  0:28  Assimilator  
  15  0:33  Probe  
  15  0:41  Probe  
  16  0:47  Gateway  
  17  0:51  Probe  
  18  1:03  Probe  
  19  1:15  Probe  
  20  1:23  Nexus  
  20  1:34  Cybernetics Core  
  20  1:36  Probe  
  21  1:41  Assimilator  
  21  1:48  Probe  
  21  1:51  Pylon  
  22  2:00  Probe  
  23  2:02  Adept  
  23  2:11  Warp Gate  
  23  2:12  Probe  
  26  2:22  Stargate  
  26  2:24  Probe  
  26  2:28  Adept  
  29  2:31  Probe  
  29  2:32  Probe  
  31  2:40  Probe x2  
  31  2:42  Assimilator  
  32  2:50  Probe  
  33  2:51  Probe  
  33  2:57  Phoenix  
  35  2:59  Gateway  
  35  3:02  Probe  
  35  3:05  Probe  
  39  3:14  Probe  
  39  3:16  Twilight Council  
  39  3:17  Probe  
  41  3:25  Gateway  
  41  3:26  Probe  
  42  3:29  Probe  
  42  3:33  Resonating Glaives  
  43  3:35  Robotics Facility  
  44  3:45  Gateway  
  44  3:46  Gateway  
  44  3:48  Pylon  
  43  3:49  Probe  
  44  3:58  Pylon, Probe  
  45  4:13  Pylon  
  45  4:14  Warp Prism, Adept x2  
  49  4:19  Adept  
  51  4:29  Pylon  
  53  4:35  Adept x2  
  57  4:41  Adept x2  
  57  4:42  Adept  
  57  4:44  Pylon  
  63  4:56  Adept x2  
  67  5:02  Adept x2  
  71  5:08  Nexus  
  72  5:17  Adept x3  
  77  5:22  Adept  
  79  5:34  Adept x2  
  75  5:44  Adept x3  
  75  5:46  Probe  
  75  5:47  Probe  
  79  5:56  Pylon  
  73  5:58  Probe  
  73  5:59  Probe  
  73  6:01  Adept x2  
  75  6:06  Adept x3  
Tags
 
Add a new tag
Caveats
  • Supply blocks, unpowered buildings, or Contaminate may cause inaccurate times.
  • Supply counts are checked every 10 seconds.